AoeStats
← harooooo

Nomad

507804730Analyzed
4v4 RM · 13d ago on Sep 19, 2026· 27m 58s· 8 players
Game mode
Random Map
Map size
231×231
Population
200
Speed
Normal
Resources
Standard
Victory
Conquest
Starting age
Dark Age
Ending age
Imperial Age
RankedLock teamsTeams togetherTeam positionsShared explorationLock speedFull tech treeHidden civsTurbo modeCheats
Victory
Defeat
🇧🇦 Magyars · Bosnia & Herzegovina
1566
+13
🇭🇷 Wu · Croatia
1565
+13
🇧🇦 Japanese · Bosnia & Herzegovina
1521
+15
🇦🇹 Italians · Austria
1486
+16
🇩🇪 Huns · Germany
1551
-17
🇺🇸 Italians · United States
1506
-15
🇨🇳 Persians · China
1470
-13
🇭🇰 Koreans · Hong Kong SAR China
1444
-12
flynorc
10:02 Loom
10:33 Loom
13:36 Feudal Age
14:24 Double-Bit Axe
17:19 Castle Age
15:23 Fletching
18:12 Medium Warships
18:02 Bodkin Arrow
18:22 Bow Saw
18:33 Fishing Lines
21:31 Forging
24:57 Wheelbarrow
24:58 Gold Mining
25:39 Horse Collar
Athenaeis
4:37 Loom
12:23 Feudal Age
22:05 Castle Age
20:04 Fletching
23:26 Bodkin Arrow
27:03 Guard Tower
28:39 Ballistics
Datalore
10:29 Loom
12:49 Feudal Age
17:05 Castle Age
15:14 Double-Bit Axe
18:10 Bow Saw
19:00 Medium Warships
21:21 Wheelbarrow
21:13 Fletching
23:33 Horse Collar
24:51 Fletching
27:23 Bodkin Arrow
27:53 Padded Archer Armor
harooooo
10:02 Loom
15:11 Feudal Age
15:14 Feudal Age
17:07 Fishing Lines
21:18 Castle Age
19:54 Double-Bit Axe
23:51 Wheelbarrow
23:15 Gillnets
24:20 Scale Barding Armor
24:52 Gold Mining
26:15 Bow Saw
Hommi
4:35 Loom
13:14 Feudal Age
17:07 Castle Age
16:26 Gold Mining
16:22 Double-Bit Axe
17:11 Horse Collar
20:01 Bow Saw
25:44 Bloodlines
27:06 Husbandry
Hugh Jayniss
5:09 Loom
13:11 Feudal Age
13:47 Town Watch
16:26 Wheelbarrow
16:25 Double-Bit Axe
22:16 Fletching
27:14 Castle Age
Alt+F4 | Popo
8:01 Loom
12:35 Feudal Age
14:41 Double-Bit Axe
18:58 Castle Age
19:56 Medium Warships
21:56 Bow Saw
21:35 Horse Collar
26:39 Wheelbarrow
26:10 Gold Mining
Long-Long-Way
7:53 Loom
20:12 Feudal Age
20:45 Town Watch
20:47 Double-Bit Axe
21:58 Forging
Connection lost

Rejoining the realm…

Still unreachable

The connection could not be restored.

Session expired

The server has moved on; the page needs a fresh start.